 Dungeon Crawl Stone Soup version 0.31-b1-12-gca42e3d1b8 (webtiles) character file.

Game seed: 2907387922188303870

4127 Arctor the Blocker (level 10, -1/88 HPs)
             Began as a Human Fighter on Jan 14, 2024.
             Was an Initiate of Ashenzari.
             Slain by a merfolk
             ... wielding a +0 trident
             ... led by the fury of Okawaru
              (11 damage)
             ... on level 8 of the Dungeon.
             The game lasted 00:13:00 (7382 turns).

Arctor the Blocker (Human Fighter)                  Turns: 7382, Time: 00:13:01

Health: -1/88      AC: 19    Str: 22    XL:     10   Next: 27%
Magic:  10/10      EV: 13    Int: 14    God:    Ashenzari [......]
Gold:   411        SH:  7    Dex: 23    Spells: 9/9 levels left

rFire   . . .        i - +5 hand axe of Resourcefulness {distort, rC- rCorr Str+4 Dex+4}
rCold   x . .        c - +0 buckler
rNeg    . . .        g - +4 chain mail of the Vanishing Scars {Regen+ Str-2 Dex+5 Slay+5}
rPois   .            (no helmet)
rElec   .            B - +0 cloak {Stlth+}
rCorr   +            t - +0 pair of gloves
SInv    .            f - +1 pair of boots
Will    .....        (no amulet) Stlth
                     y - +5 ring of evasion
HPRegen 1.14/turn    x - +6 ring of intelligence
MPRegen 0.12/turn

%: no passive effects
@: attractive, hasted, very quick
A: explore regen, robust 1, wild magic 1
a: Renounce Religion


You were on level 8 of the Dungeon.
You worshipped Ashenzari.
Ashenzari was noncommittal.
You visited 2 branches of the dungeon, and saw 9 of its levels.
You also visited: Ossuary.

You collected 411 gold pieces.

Inventory:

Hand Weapons
 a - a +0 war axe
 i - the +5 hand axe of Resourcefulness (weapon) {distort, rC- rCorr Str+4 Dex+4}
   (You took it off an orc on level 5 of the Dungeon)

   Str+4:     It affects your strength (+4).
   Dex+4:     It affects your dexterity (+4).
   rC-:       It makes you vulnerable to cold.
   rCorr:     It protects you from acid and corrosion.
 p - a +2 heavy hand axe
Missiles
 E - 6 silver javelins (quivered)
Armour
 c - a +0 buckler (worn)
 f - a +1 pair of boots (worn)
 g - the +4 chain mail of the Vanishing Scars (worn) {Regen+ Str-2 Dex+5 Slay+5}
   (You acquired it on level 2 of the Dungeon)

   Str-2:     It affects your strength (-2).
   Dex+5:     It affects your dexterity (+5).
   Slay+5:    It affects your accuracy & damage with ranged weapons and melee
   (+5).
   Regen+:    It increases your rate of health regeneration.
 k - a scarf of harm
 t - a +0 pair of gloves (worn)
 B - a +0 cloak of stealth (worn)
Jewellery
 x - a +6 ring of intelligence (right hand)
 y - a +5 ring of evasion (left hand)
 C - a ring of poison resistance
 L - a +4 ring of protection
Talismans
 q - a serpent talisman
Wands
 z - a wand of charming (18)
 I - a wand of flame (20)
Scrolls
 h - 3 scrolls of teleportation
 j - a scroll of fog
 u - 3 scrolls of revelation
 D - a scroll of vulnerability
 G - 2 scrolls of poison {unknown}
 H - a scroll of silence
 J - 2 scrolls of identify
 K - a scroll of immolation {unknown}
Potions
 d - 2 potions of might
 e - 4 potions of curing
 l - 2 potions of enlightenment
 n - 3 potions of brilliance
 o - 2 potions of magic
 r - a potion of invisibility
 s - a potion of mutation
 F - a potion of resistance {unknown}
 M - a potion of lignification


   Skills:
 + Level 7.9 Fighting
 + Level 7.5 Axes
 + Level 7.9 Armour
 + Level 8.0 Shields


You had 9 spell levels left.
You didn't know any spells.
Your spell library contained the following spells:

 Spells                   Type           Power      Damage    Failure   Level
 Shock                    Conj/Air       0%         1d3       91%         1
 Summon Small Mammal      Summ           0%         N/A       91%         1
 Call Imp                 Summ           0%         N/A       97%         2
 Sublimation of Blood     Necr           0%         N/A       97%         2
 Call Canine Familiar     Summ           0%         N/A       99%         3
 Summon Ice Beast         Ice/Summ       0%         N/A       99%         3
 Swiftness                Air            0%         N/A       99%         3
 Airstrike                Air            0%         2d(0-16)  100%        4
 Summon Blazeheart Golem  Fire/Summ      0%         N/A       100%        4
 Summon Mana Viper        Hex/Summ       0%         N/A       100%        5
 Monstrous Menagerie      Summ           0%         N/A       100%        7
 Summon Hydra             Summ           0%         N/A       100%        7


Dungeon Overview and Level Annotations

Branches:
Dungeon (8/15)             Temple (1/1) D:6            Lair (0/5) D:8
Ossuary (visited)

Altars:
Ashenzari
Cheibriados
Dithmenos
Elyvilon
Fedhas
Gozag
Hepliaklqana
Makhleb
Nemelex Xobeh
Okawaru
Qazlal
Ru
Trog
Uskayaw
Vehumet
Wu Jian
Yredelemnul
Zin
The Shining One


Innate Abilities, Weirdness & Mutations

You regain HP and MP as you explore.
You are robust. (+10% HP)
Your spells are a little harder to cast, but a little more powerful.


Message History

The merfolk javelineer throws a silver javelin.
The silver javelin pierces through you!!
The silver sears you!
You barely miss the merfolk javelineer.
The merfolk javelineer is heavily wounded.
You block the merfolk javelineer's attack.
Okay, then.
You hit the merfolk javelineer.
The merfolk javelineer is devoured by a tear in reality.
There is a stone staircase leading down here.
You climb downwards.
The merfolk throws a boomerang.
The boomerang hits you. The merfolk is attracted toward you.
There is a stone staircase leading up, spattered with blood here.
You hit the merfolk.
Space warps horribly around the merfolk!
The merfolk is moderately wounded.
You block the merfolk's attack. x2
You slash the merfolk!
Space warps horribly around the merfolk!
The merfolk is severely wounded.
The merfolk hits you but does no damage.
You block the merfolk's attack.
You completely miss the merfolk.
The merfolk is severely wounded.
You block the merfolk's attack.
The merfolk hits you from afar with a +0 trident!
You barely miss the merfolk.
The merfolk is severely wounded.
The merfolk closely misses you.
The merfolk hits you from afar with a +0 trident!
* * * LOW HITPOINT WARNING * * *
Unknown command.
You closely miss the merfolk.
The merfolk is severely wounded.
The merfolk hits you with a +0 trident!
* * * LOW HITPOINT WARNING * * *
You block the merfolk's attack.
Okay, then.
You feel yourself speed up. The merfolk hits you with a +0 trident!
You die...

#...#........#
#.##.###.#
#>..####.###.#
#....# #.# ###
#..)####.# #.#
####.###.# ..#
#..).....# #.#
#.....# #.#
#)#.###### #.#
###.### #.#
#.#.# #.# #.#
#.# #.#.# #.#
#.# #.# #.#.#
#.# #.# #.#
#.#.# #@# #.#
#.# #.#.#
#m###### #.#
#.# #.#
#.m§§§.# #.#
#.###.#
######m# #.#
#.....# #.#
#.# #######
#m# #.#
#####.######.#
#............#
#.###.########


You could see 2 merfolk.

Vanquished Creatures
  A stone giant (D:8)
  A merfolk impaler (D:7)
  A deep elf archer (D:7)
  2 orc knights
  3 cyclopes
  A merfolk (D:7)
  A hornet (D:8)
  2 wyverns (D:8)
  A yak (D:8)
  A basilisk (D:8)
  A warg (D:8)
  A steam dragon (D:7)
  A water moccasin (D:7)
  An orc warrior (D:8)
  3 ice beasts
  A sky beast (D:7)
  4 black bears
  3 centaurs
  2 ogres
  A phantom (D:5)
  4 bullfrogs
  An elf zombie (Ossuary)
  4 wights
  6 killer bees (D:8)
  A howler monkey (D:6)
  2 electric eels (D:7)
  6 orc priests
  2 hounds
  A jelly (D:5)
  A gnoll bouda (D:7)
  3 iguanas
  2 sleepcaps
  Natasha (thrice) (D:2)
  2 orc wizards
  4 mummies (Ossuary)
  5 gnolls (D:7)
  8 adders
  A shadow imp (D:6)
  2 white imps
  6 ufetubi (D:6)
  3 dart slugs
  24 orcs
  4 ball pythons
  11 endoplasms
  A giant cockroach (D:3)
  7 goblins
  5 hobgoblins
  8 kobolds
  4 quokkas
  6 bats
  8 frilled lizards
  2 goblin zombies (Ossuary)
  2 hobgoblin zombies (Ossuary)
  An orc zombie (Ossuary)
  5 rats
  4 rat zombies (Ossuary)
191 creatures vanquished.

Vanquished Creatures (others)
  A merfolk (D:8)
1 creature vanquished.

Grand Total: 192 creatures vanquished

Notes
Turn   | Place    | Note
-------+----------+-------------------------------------------
     0 | D:1      | Arctor the Human Fighter began the quest for the Orb.
     0 | D:1      | Reached XP level 1. HP: 18/18 MP: 1/1
    47 | D:1      | Reached XP level 2. HP: 19/24 MP: 2/2
   640 | D:1      | Reached XP level 3. HP: 28/29 MP: 3/3
  1226 | D:2      | Reached XP level 4. HP: 33/35 MP: 4/4
  1227 | D:2      | Noticed Natasha
  1237 | D:2      | Killed Natasha
  1288 | D:2      | Noticed Natasha
  1300 | D:2      | Killed Natasha
  1301 | D:2      | Reached XP level 5. HP: 15/42 MP: 5/5
  1408 | D:2      | Noticed Natasha
  1417 | D:2      | Killed Natasha
  1678 | D:2      | Identified a scroll of acquirement
  1678 | D:2      | Acquired the +4 chain mail of the Vanishing Scars {Regen+
                  | Str-2 Dex+5 Slay+5}
  2212 | D:3      | Found a faded altar of an unknown god.
  2257 | D:3      | Reached skill level 4 in Shields
  2865 | D:4      | Found a blossoming altar of Fedhas.
  2914 | D:4      | Found a shadowy altar of Dithmenos.
  2955 | D:4      | Noticed an ogre
  2960 | D:4      | Killed an ogre
  2961 | D:4      | Reached XP level 6. HP: 25/48 MP: 6/6
  3339 | D:5      | Entered Level 5 of the Dungeon
  3387 | D:5      | Noticed a black bear
  3395 | D:5      | Killed a black bear
  3424 | D:5      | Noticed a black bear
  3430 | D:5      | Killed a black bear
  3431 | D:5      | Reached XP level 7. HP: 55/55 MP: 7/7
  3525 | D:5      | Identified the +5 hand axe of Resourcefulness {distort, rC-
                  | rCorr Str+4 Dex+4}
  3596 | D:5      | Reached skill level 5 in Shields
  3615 | D:5      | Found a glowing silver altar of Zin.
  3700 | D:5      | Reached skill level 5 in Fighting
  3700 | D:5      | Reached skill level 5 in Armour
  3957 | D:6      | Reached XP level 8. HP: 62/62 MP: 8/8
  4340 | D:6      | Reached skill level 5 in Axes
  4456 | D:6      | Found a staircase to the Ecumenical Temple.
  4630 | D:6      | Reached skill level 6 in Shields
  4906 | D:7      | Reached XP level 9. HP: 70/70 MP: 9/9
  5089 | D:7      | Found a transporter.
  5175 | Temple   | Entered the Ecumenical Temple
  5205 | Temple   | Became a worshipper of Warmaster Okawaru
  5290 | D:7      | Found a transporter.
  5356 | D:7      | Found a sand-covered staircase.
  5361 | Ossuary  | Entered an ossuary
  5367 | Ossuary  | Reached skill level 7 in Shields
  5989 | D:7      | Found a broken altar of Ashenzari.
  6003 | D:7      | Found an ornate altar of the Wu Jian Council.
  6218 | D:7      | Fell from the grace of Okawaru
  6218 | D:7      | Became a worshipper of Ashenzari the Shackled
  6294 | D:8      | Noticed a cyclops
  6294 | D:8      | Noticed a cyclops
  6302 | D:7      | Killed a cyclops
  6303 | D:7      | Killed a cyclops
  6323 | D:8      | Noticed a cyclops
  6323 | D:8      | Noticed a stone giant
  6440 | D:7      | Noticed a deep elf archer
  6440 | D:7      | Noticed a merfolk impaler
  6440 | D:7      | Noticed a merfolk
  6440 | D:7      | Noticed a merfolk
  6513 | D:7      | Killed a merfolk impaler
  6518 | D:7      | Killed a merfolk
  6587 | D:7      | Killed a deep elf archer
  6621 | D:8      | Found a staircase to the Lair.
  6623 | D:8      | Noticed a hornet
  6626 | D:8      | Reached XP level 10. HP: 76/79 MP: 10/10
  6685 | D:8      | Reached skill level 8 in Shields
  6754 | D:8      | Killed a cyclops
  6919 | D:8      | Killed a stone giant
  6926 | D:8      | Noticed an orc knight
  6926 | D:8      | Noticed an orc knight
  6928 | D:8      | Gained mutation: Your body sometimes deteriorates upon
                  | taking damage. [potion of mutation]
  6928 | D:8      | Gained mutation: Your muscles are strong. (Str +4, Int/Dex
                  | -1) [potion of mutation]
  6928 | D:8      | Gained mutation: You are partially covered in iridescent
                  | scales. (AC +2) [potion of mutation]
  6929 | D:8      | Lost mutation: You are partially covered in iridescent
                  | scales. (AC +2) [potion of mutation]
  6929 | D:8      | Lost mutation: Your body sometimes deteriorates upon taking
                  | damage. [potion of mutation]
  6929 | D:8      | Lost mutation: Your muscles are strong. (Str +4, Int/Dex
                  | -1) [potion of mutation]
  6929 | D:8      | Gained mutation: You are robust. (+10% HP) [potion of
                  | mutation]
  6929 | D:8      | Gained mutation: Your spells are a little harder to cast,
                  | but a little more powerful. [potion of mutation]
  6948 | D:7      | Killed an orc knight
  7033 | D:8      | Killed an orc knight
  7067 | D:8      | Noticed a centaur warrior
  7067 | D:8      | Noticed a tengu warrior
  7144 | D:8      | Noticed a merfolk javelineer
  7144 | D:8      | Noticed an orc knight
  7144 | D:8      | Noticed an orc sorcerer
  7373 | D:7      | Banished a merfolk javelineer
  7382 | D:8      | Slain by a merfolk

Illustrated notes

Levels and vault maps discovered:
D:1:      spicycebolla_green_bress_n_ham_2, layout_basic, chequers_mini_garden,
          st_stairs_7
D:2:      layout_basic, uniq_natasha
D:3:      layout_basic, shapermc_ecumenical_altar_totnotflames,
          kennysheep_cluttered_room
D:4:      layout_basic, nicolae_dithmenos_through_a_glass_darkly,
          mainiacjoe_overflow_paths
D:5:      layout_rooms, zin_treasury
D:6:      kb_forest_paths, layout_basic, minmay_temple_entry_poolview
D:7:      gammafunk_steamed_eel, layout_basic, jmf_multi_god_temple2,
          nicolae_ossuary_entry_false_entrances
D:8:      layout_loops_ring, gammafunk_temple_overflow_elements,
          david_lair_generic, lightli_corner_chamber
Temple:   jpeg_temple_clearing

Skill      XL: |  1  2  3  4  5  6  7  8  9 10 |
---------------+-------------------------------+-----
Axes           | 3 4 5 7 |  7.5
Shields        | 4 5 6 7 8 |  8.0
Fighting       | 4 5 6 7 |  7.9
Armour         | 4 5 6 7 |  7.9

Action                     |  1- 3 |  4- 6 |  7- 9 | 10-12 || total
---------------------------+-------+-------+-------+-------++-------
  Melee: War axe           |    64 |       |       |       ||    64
         Hand axe          |    27 |    69 |   209 |    77 ||   382
    Use: Scroll            |       |     8 |     5 |     4 ||    17
         Potion            |       |     2 |     3 |     9 ||    14
   Stab: Invisible         |       |       |       |     5 ||     5
 Armour: Scale mail        |    64 |    42 |       |       ||   106
         Chain mail        |       |    49 |   123 |   115 ||   287
  Dodge: Dodged            |    33 |    34 |   101 |    45 ||   213
  Block: Buckler           |    25 |    25 |    60 |    30 ||   140
